 Dungeon Crawl Stone Soup version 0.17.1-2-g5865329 (webtiles) character file.

981 PossumBlood the Archer (level 7, 0/45 HPs)
             Began as a High Elf Hunter on Jan 23, 2016.
             Slain by a mummy (14 damage)
             ... in an ossuary.
             The game lasted 00:19:04 (4521 turns).

PossumBlood the Archer (High Elf Hunter)            Turns: 4521, Time: 00:19:05

Health: 0/45       AC:  6    Str: 11    XL:     7   Next: 96%
Magic:  8/8        EV: 12    Int: 15    God:
Gold:   165        SH:  0    Dex: 18    Spells: 0 memorised, 6 levels left

rFire  . . .     SeeInvis .     a - +3 shortbow
rCold  . . .     Clarity  .     c - +0 leather armour
rNeg   . . .     SustAt   .     (shield currently unavailable)
rPois  .         Gourm    .     (no helmet)
rElec  .         Spirit   .     f - +2 cloak
rCorr  .         Warding  .     (no gloves)
rMut   .         Stasis   .     (no boots)
MR     .....                    (no amulet)
Stlth  ++........               (no ring)
                                (no ring)

@: not resistant to hostile enchantments, unstealthy
A: no striking features
a: no special abilities


You were in an ossuary.
You were not hungry.

You visited 1 branch of the dungeon, and saw 5 of its levels.
You also visited: Sewer and Ossuary.

You collected 165 gold pieces.

Inventory:

Hand Weapons
 a - a +3 shortbow (weapon)
 b - a +0 short sword
 o - a +0 dagger
 u - a +0 dagger
Missiles
 d - 30 arrows (quivered)
Armour
 c - a +0 leather armour (worn)
 f - a +2 cloak (worn)
Wands
 r - a wand of magic darts (48)
 t - a wand of flame (38)
Scrolls
 g - 4 scrolls of identify
 l - a scroll of fear
 m - 3 scrolls of blinking
 y - a scroll of fog
Potions
 e - a potion of curing
 h - 2 potions of brilliance
 k - a potion of agility
 n - a potion of haste
 p - a potion of beneficial mutation
 s - 4 potions of flight
 v - 5 potions of heal wounds
 w - a potion of might
Comestibles
 i - a beef jerky
 j - 4 meat rations
 q - a fruit
 x - 2 royal jellies


   Skills:
 - Level 2.0 Fighting
 * Level 12.5 Bows
 - Level 1.1 Armour
 - Level 2.1 Dodging
 - Level 1.1 Stealth


You had 6 spell levels left.
You didn't know any spells.

Dungeon Overview and Level Annotations

Branches:
Dungeon (5/15)
 Temple: D:4-7

Altars:
Gozag
Qazlal
Vehumet


Message History

Aim: a mummy (almost destroyed)
You shoot an arrow. The arrow barely misses the mummy.
The mummy closely misses you.
Firing (i - inventory):
d - 33 arrows (quivered)
Press: ? - help, Shift-Dir - straight line, f/p - mummy
Aim: a mummy (almost destroyed)
You shoot an arrow. The arrow hits the mummy.
The mummy is almost destroyed.
Firing (i - inventory):
d - 32 arrows (quivered)
Press: ? - help, Shift-Dir - straight line, f/p - mummy
Aim: a mummy (almost destroyed)
You shoot an arrow. The arrow barely misses the mummy.
Firing (i - inventory):
d - 31 arrows (quivered)
Press: ? - help, Shift-Dir - straight line, f/p - mummy
Aim: a mummy (almost destroyed)
You shoot an arrow.
The arrow hits the mummy but does no damage.
The mummy is almost destroyed.
The mummy hits you!
You die...

#..#.#....#
#..'.'....#(.(?$!!
#..########..!$∩$
#..#.#....#..(($
#..#.'....#..((
#..'.#....#((.
#..###....#(.
#..#.######M####
#..#.'....#@(.(#
#..'.#....#....#
#..###....#....#
#..#.#....#....#
#..#.#######'###
#..#...#...#...#
#..###'###'###'###+##
#.....................
#∩....................


You could see a mummy.

Vanquished Creatures
  A sky beast (D:5)
  A phantom (D:4)
  3 big kobolds (Sewer)
  A centaur zombie (Ossuary)
  A hound (D:4)
  3 orc wizards (D:4)
  A crimson imp (D:5)
  4 worker ants (D:4)
  A big kobold zombie (Ossuary)
  3 ogre zombies (Ossuary)
  6 mummies (Ossuary)
  A river rat (D:3)
  2 adders (D:4)
  3 oozes
  3 adder zombies (Ossuary)
  An adder skeleton (D:4)
  5 worms
  2 giant geckos
  4 orcs
  5 ball pythons
  3 giant cockroaches
  A gnoll zombie (Ossuary)
  13 goblins
  5 hobgoblins
  3 jackals (D:1)
  A quokka (D:3)
  11 bats
  7 giant newts
  3 goblin zombies (Ossuary)
  3 hobgoblin zombies (Ossuary)
  13 kobolds
  3 kobold zombies (Ossuary)
  12 rats
129 creatures vanquished.

Notes
Turn   | Place    | Note
--------------------------------------------------------------
     0 | D:1      | PossumBlood the High Elf Hunter began the quest for the Orb.
     0 | D:1      | Reached XP level 1. HP: 14/14 MP: 2/2
   232 | D:1      | Reached XP level 2. HP: 19/19 MP: 3/3
   349 | D:1      | Reached skill level 6 in Bows
   665 | D:2      | Reached XP level 3. HP: 24/24 MP: 4/4
  1140 | D:2      | Reached skill level 7 in Bows
  1319 | D:3      | Found a glowing drain.
  1327 | D:3      | Reached XP level 4. HP: 21/29 MP: 5/5
  1430 | Sewer    | Entered a sewer
  1582 | Sewer    | Noticed a big kobold
  1602 | Sewer    | HP: 1/29 [poisoned by a kobold]
  1603 | Sewer    | Killed a big kobold
  1603 | Sewer    | Reached skill level 8 in Bows
  1603 | Sewer    | Reached XP level 5. HP: 1/34 MP: 6/6
  1826 | Sewer    | Reached skill level 1 in Armour
  1881 | Sewer    | Noticed a big kobold
  1889 | Sewer    | Killed a big kobold
  1889 | Sewer    | Reached skill level 9 in Bows
  1946 | Sewer    | Noticed a big kobold
  1982 | Sewer    | HP: 1/34 [big kobold (5)]
  1988 | Sewer    | Killed a big kobold
  1988 | Sewer    | Reached XP level 6. HP: 2/39 MP: 7/7
  2670 | D:3      | Found a radiant altar of Vehumet.
  3051 | D:4      | Reached skill level 10 in Bows
  3123 | D:4      | Reached XP level 7. HP: 19/45 MP: 8/8
  3530 | D:4      | Found a stormy altar of Qazlal.
  3554 | D:4      | Reached skill level 11 in Bows
  3862 | D:5      | Entered Level 5 of the Dungeon
  4129 | D:5      | Found an opulent altar of Gozag.
  4165 | D:5      | Found a sand-covered staircase.
  4175 | Ossuary  | Entered an ossuary
  4243 | Ossuary  | Reached skill level 12 in Bows
  4521 | Ossuary  | Slain by a mummy

Action                   |  1- 3 |  4- 6 |  7- 9 || total
-------------------------+-------+-------+-------++-------
Melee: Shortbow          |       |    31 |     2 ||    33
       Short sword       |       |    11 |     1 ||    12
 Fire: Shortbow          |   112 |   157 |   161 ||   430
  Use: Potion            |       |     5 |       ||     5
       Scroll            |       |    14 |       ||    14
  Eat: Bread ration      |     1 |     1 |       ||     2
       Fruit             |       |       |     2 ||     2
